 Dungeon Crawl Stone Soup version 0.27-a0-1287-gca74d27db6 (webtiles) character file.

Game seed: 18149128030324995505

669 bande the Shield-Bearer (level 7, 0/44 HPs)
             Began as a Gargoyle Fighter on June 14, 2021.
             Slain by a manticore (11 damage)
             ... on level 6 of the Dungeon.
             The game lasted 00:08:23 (4814 turns).

bande the Shield-Bearer (Gargoyle Fighter)          Turns: 4814, Time: 00:08:24

Health: 0/44       AC: 16    Str: 20    XL:     7   Next: 58%
Magic:  7/7        EV:  4    Int:  9    God:
Gold:   249        SH: 10    Dex: 10    Spells: 6/6 levels left

rFire    . . .     SeeInvis .   a - +0 war axe
rCold    . . .     Faith    .   c - +0 kite shield
rNeg     + . .     Spirit   .   n - +0 plate armour
rPois    ∞         Reflect  .   (no helmet)
rElec    +         Harm     .   (no cloak)
rCorr    .         Rampage  .   (no gloves)
Will     .....                  (no boots)
Stlth    ..........             k - amulet of regeneration
HPRegen  1.14/turn              (no ring)
MPRegen  0.10/turn              (no ring)

@: mighty
A: sickness immunity, AC +4, negative energy resistance 1, electricity
resistance, torment resistance 1, petrification resistance
a: no special abilities


You were on level 6 of the Dungeon.
You visited 2 branches of the dungeon, and saw 7 of its levels.

You collected 249 gold pieces.

Inventory:

Hand Weapons
 a - a +0 war axe (weapon)
Armour
 c - a +0 kite shield (worn)
 n - a +0 plate armour (worn)
Jewellery
 i - a ring of poison resistance
 k - an amulet of regeneration (around neck)
Wands
 l - a wand of paralysis (7)
Scrolls
 g - a scroll of magic mapping
 h - 2 scrolls of blinking
 m - a scroll of teleportation
 o - a scroll of identify
 p - a scroll of torment {unknown}
Potions
 b - a potion of flight
 j - a potion of brilliance
 q - a potion of magic {unknown}


   Skills:
 + Level 5.0 Fighting
 + Level 4.8 Axes
 + Level 4.5 Armour
 + Level 1.4 Dodging
 + Level 5.2 Shields


You had 6 spell levels left.
You didn't know any spells.
Your spell library contained the following spells:

 Spells                   Type           Power      Damage    Failure   Level
 Sandblast                Erth           0%         2d4       100%        1
 Summon Small Mammal      Summ           0%         N/A       100%        1
 Call Imp                 Summ           0%         N/A       100%        2
 Passwall                 Tmut/Erth      0%         N/A       100%        2
 Call Canine Familiar     Summ           0%         N/A       100%        3
 Stone Arrow              Conj/Erth      0%         3d7       100%        3
 Summon Guardian Golem    Hex/Summ       0%         N/A       100%        3
 Petrify                  Tmut/Erth      0%         N/A       100%        4
 Summon Ice Beast         Ice/Summ       0%         N/A       100%        4
 Summon Lightning Spire   Summ/Air       0%         N/A       100%        4
 Lee's Rapid Deconstruct  Erth           0%         3d5*      100%        5


Dungeon Overview and Level Annotations

Branches:
Dungeon (6/15)             Temple (1/1) D:4

Altars:
Dithmenos
Elyvilon
Gozag
Hepliaklqana
Kikubaaqudgha
Qazlal
Ru
Sif Muna
Xom
Yredelemnul
Zin


Innate Abilities, Weirdness & Mutations

You are immune to sickness and miasma.
Your stone body is resilient. (AC +4)
You are immune to poison.
You resist negative energy. (rN+)
You are resistant to electric shocks. (rElec)
You are resistant to unholy torment.
You are immune to petrification.


Message History

You slash the hornet zombie! You slash the adder!
You kill the adder!
You block the hornet zombie's attack. The hornet zombie hits you.
The manticore bites you but does no damage.
The manticore claws you.
The manticore claws you but does no damage.
You hit the manticore.
The manticore is heavily wounded.
You hit the hornet zombie. You block the hornet zombie's attack.
The manticore bites you!
* * * LOW HITPOINT WARNING * * *
You block the manticore's attack. The manticore claws you.
* * * LOW HITPOINT WARNING * * *
You block the hornet zombie's attack.
The manticore bites you but does no damage.
The manticore claws you.
* * * LOW HITPOINT WARNING * * *
The manticore claws you but does no damage.
You feel better. The hornet zombie barely misses you.
The manticore bites you but does no damage.
The manticore claws you!
* * * LOW HITPOINT WARNING * * *
You block the manticore's attack.
You feel better.
You block the hornet zombie's attack. x2
The manticore bites you.
* * * LOW HITPOINT WARNING * * *
The manticore claws you!
* * * LOW HITPOINT WARNING * * *
The manticore claws you but does no damage.
You feel better. The hornet zombie hits you.
* * * LOW HITPOINT WARNING * * *
The manticore bites you but does no damage.
You block the manticore's attack.
The manticore claws you but does no damage.
You completely miss the manticore.
The manticore is heavily wounded.
Your plate armour prevents you from hitting the hornet zombie.
The hornet zombie hits you but does no damage.
The manticore bites you!
You die...

##.#.#####
##$.......
..........
#.......#
.#.....>.#
.........#
#.......##.###
#.....@Z.....#
#....H.†.....#
#####.........
####.....#
.....# ##.###
.# .


You could see a manticore and a hornet zombie.

Vanquished Creatures
  An ogre (D:4)
  Blork the orc (D:5)
  A scorpion (D:4)
  2 vampire bats (D:4)
  A bullfrog zombie (D:5)
  A gnoll shaman (D:4)
  A hound (D:5)
  A bullfrog skeleton (D:5)
  An iguana (D:5)
  7 adders
  7 gnolls
  A shadow imp (D:5)
  3 worms (D:4)
  2 dart slugs
  3 orcs
  3 bat skeletons (D:4)
  3 bat zombies (D:4)
  6 endoplasms
  6 goblins
  9 hobgoblins
  10 jackals
  3 quokkas
  8 ball pythons
  2 frilled lizards
  2 kobolds (D:3)
  6 rats
91 creatures vanquished.

Notes
Turn   | Place    | Note
-------+----------+-------------------------------------------
     0 | D:1      | bande the Gargoyle Fighter began the quest for the Orb.
     0 | D:1      | Reached XP level 1. HP: 14/14 MP: 1/1
   300 | D:1      | Reached XP level 2. HP: 20/20 MP: 2/2
   392 | D:1      | You fall into a shaft and drop 1 floor!
   954 | D:1      | Reached XP level 3. HP: 24/24 MP: 3/3
  2330 | D:3      | Reached XP level 4. HP: 29/29 MP: 4/4
  2399 | D:3      | Found a glowing silver altar of Zin.
  3095 | D:4      | Noticed a scorpion
  3103 | D:4      | Killed a scorpion
  3104 | D:4      | Reached skill level 1 in Dodging
  3104 | D:4      | Reached XP level 5. HP: 29/33 MP: 5/5
  3297 | D:4      | Noticed an ogre
  3305 | D:4      | Paralysed by a goblin for 2 turns
  3309 | D:4      | Killed an ogre
  3310 | D:4      | Reached XP level 6. HP: 22/38 MP: 6/6
  3369 | D:4      | Found a staircase to the Ecumenical Temple.
  3380 | Temple   | Entered the Ecumenical Temple
  3643 | D:4      | Found an ancient bone altar of Kikubaaqudgha.
  4151 | D:5      | Entered Level 5 of the Dungeon
  4207 | D:4      | Reached XP level 7. HP: 41/44 MP: 7/7
  4357 | D:5      | Reached skill level 5 in Fighting
  4388 | D:5      | Reached skill level 5 in Shields
  4399 | D:5      | Noticed Blork the orc
  4406 | D:5      | Killed Blork the orc
  4804 | D:6      | Noticed a manticore
  4814 | D:6      | Slain by a manticore

Illustrated notes

Levels and vault maps discovered:
D:1:      lightli_arrival_noodles, layout_loops_corners
D:2:      layout_basic, serial_forest, infiniplex_forest_corner_1,
          infiniplex_forest_corner_1, infiniplex_forest_straight_3,
          infiniplex_forest_clump_small, infiniplex_forest_lined_1,
          infiniplex_forest_lined_corner, infiniplex_forest_lined_4_way,
          infiniplex_forest_end_1, minivault_26
D:3:      layout_loops_cross, lemuel_doored_altar, hangedman_decor_riveting
D:4:      layout_basic, kennysheep_vampire_church, minmay_temple_entry_wispy
D:5:      layout_cave_pools, uniq_blork_the_orc
D:6:      layout_loops_ring, nicolae_overflow_crystal_walls,
          fiery_altar_vehumet, chequers_temple_overflow_statue_of_worship
Temple:   nicolae_temple_figure_zero

Skill      XL: |  1  2  3  4  5  6  7 |
---------------+----------------------+-----
Axes           | 2 3 4 |  4.8
Fighting       | 4 5 |  5.0
Armour         | 4 |  4.5
Dodging        | 1 |  1.4
Shields        | 4 5 |  5.2

Action                   |  1- 3 |  4- 6 |  7- 9 || total
-------------------------+-------+-------+-------++-------
Melee: War axe           |   118 |   194 |    53 ||   365
  Use: Scroll            |     5 |     3 |     2 ||    10
       Potion            |     2 |     1 |     5 ||     8
Armor: Scale mail        |    71 |   154 |       ||   225
       Plate armour      |       |    46 |    47 ||    93
Dodge: Dodged            |    43 |    87 |    15 ||   145
Block: Kite shield       |    45 |   161 |    34 ||   240

Table legend: (Time is in decaauts)
 A = Elapsed time spent in this place.
 B = Non-inter-level travel time spent in this place.
 C = Inter-level travel time spent in this place.
 D = Time resting spent in this place.
 E = Time spent auto-exploring this place.
 F = Levels seen in this place.
 G = Mean time per level.
                   A        B        C        D        E       F      G
               +--------+--------+--------+--------+--------+-----+--------+
         Total |   5023 |   4969 |     54 |    118 |   3798 |   7 |  717.6 |
       Dungeon |   4891 |   4837 |     54 |    118 |   3685 |   6 |  815.2 |
        Temple |    132 |    132 |      0 |      0 |    113 |   1 |  132.0 |
               +--------+--------+--------+--------+--------+-----+--------+

Top non-repeatable levels by time:
     D:1: 1255 daAuts
     D:2: 1142 daAuts
     D:4: 1115 daAuts
     D:3: 802 daAuts
     D:5: 563 daAuts
  Temple: 132 daAuts
     D:6: 11 daAuts
